 Dungeon Crawl Stone Soup version 0.30-a0-509-gd016549fea (webtiles) character file.

Game seed: 15270229475228917284

1096 xzight the Firebug (level 8, -5/45 HPs)
             Began as a Deep Elf Fire Elementalist on Dec 22, 2022.
             Was an Initiate of Ashenzari.
             Slain by a kobold brigand
             ... wielding a +0 short sword
              (6 damage)
             ... on level 4 of the Dungeon.
             The game lasted 00:11:53 (5984 turns).

xzight the Firebug (Deep Elf Fire Elementalist)     Turns: 5984, Time: 00:11:54

Health: -5/45      AC:  4    Str:  5    XL:     8   Next: 10%
Magic:  13/18      EV: 14    Int: 23    God:    Ashenzari [......]
Gold:   234        SH:  0    Dex: 15    Spells: 15/18 levels left

rFire   + . .      SeeInvis .    k - staff of earth {!a}
rCold   x . .      Faith    .    (no shield)
rNeg    . . .      Spirit   .    a - +0 robe
rPois   .          Reflect  .    (no helmet)
rElec   .          Harm     .    d - +0 cloak
rCorr   .          Rampage  .    o - +0 pair of gloves
Will    .....                    (no boots)
Stlth   ++........               i - amulet of regeneration
HPRegen 1.07/turn                F - ring of fire
MPRegen 0.16/turn                (no ring)

@: lethally poisoned (-5 -> -5), slowed, very slow
A: no striking features
a: Renounce Religion


You were on level 4 of the Dungeon.
You worshipped Ashenzari.
Ashenzari was noncommittal.
You visited 2 branches of the dungeon, and saw 5 of its levels.

You collected 234 gold pieces.


   Skills:
 + Level 2.8 Fighting
 + Level 5.0 Dodging
 - Level 2.4 Stealth
 + Level 5.8 Spellcasting
 + Level 4.4 Conjurations
 * Level 6.9 Fire Magic


You had 15 spell levels left.
You knew the following spells:

 Your Spells              Type           Power      Damage    Failure   Level
a - Foxfire               Conj/Fire      100%       2x1d9     1%          1
b - Scorch                Fire           100%       2d10      1%          2

Your spell library contained the following spells:

 Spells                   Type           Power      Damage    Failure   Level
 Inner Flame              Hex/Fire       33%        N/A       6%          3
 Flame Wave               Conj/Fire      49%        2d12      9%          4
 Kindle Blastsparks       Fire/Tloc/Air  52%        2d14      10%         3
 Chain Lightning          Conj/Air       8%         3d10      100%        9
 Fire Storm               Conj/Fire      24%        8d6       100%        9
 Shatter                  Erth           5%         3d8*      100%        9

Inventory:

Hand Weapons
 j - a +0 dagger of venom
Armour
 a - a +0 robe (worn)
 d - a +0 cloak (worn)
 o - a +0 pair of gloves (worn)
 y - a +0 pair of gloves
 D - a +0 pair of boots
Magical Staves
 k - a staff of earth (weapon) {!a}
Jewellery
 i - an amulet of regeneration (around neck)
 F - a ring of fire (left hand)
Wands
 w - a wand of mindburst (11)
Scrolls
 c - a scroll of fog {unknown}
 e - 2 scrolls of teleportation {unknown}
 f - a scroll of amnesia {unknown}
 g - a scroll of magic mapping {unknown}
 m - a scroll of noise {unknown}
 n - a scroll of enchant weapon {unknown}
 r - 2 scrolls of poison {unknown}
 t - a scroll of enchant armour {unknown}
 v - a scroll of immolation {unknown}
 x - 4 scrolls of identify {unknown}
 C - a scroll of blinking {unknown}
 E - a scroll of fear {unknown}
Potions
 b - 2 potions of magic
 h - a potion of lignification {unknown}
 l - a potion of heal wounds {unknown}
 p - a potion of attraction {unknown}
 q - a potion of brilliance {unknown}
 s - 2 potions of mutation {unknown}
 u - 2 potions of flight {unknown}
 z - 2 potions of degeneration {unknown}
 A - a potion of haste {unknown}
 B - a potion of curing {unknown}

Dungeon Overview and Level Annotations

Branches:
Dungeon (4/15)             Temple (1/1) D:4

Altars:
Ashenzari
Dithmenos
Elyvilon
Fedhas
Gozag
Kikubaaqudgha
Ru
Uskayaw
Vehumet
Xom
Yredelemnul
Zin

Shops:
D:1 ( D:4

:
~.....~~~~~~~~~~~~~≈≈~~~~~≈~~~~~~
.~....~...~.~.~.~~~.~~~~~~.~~~~~~
.................................
.................................
......................##########.
....#..#.....((..................
.......................##########
......##.......KK......#
...#...#..^....K@......#
...#.>.#........[......#
........8.∩.<.8....<..<#
.....#..........(.....##
..#..##.......[......##
.....#....#....[######
###..#..#.###...### ..#.......#
#.#...## ....#....####.###..##


You could see 2 kobold brigands and a kobold.


Message History

The kobold brigand's fire resistance burns away.
You feel very sick. The kobold brigand closely misses you.
The kobold barely misses you. The kobold brigand closely misses you.
The kobold brigand hits you with a +0 club.
You feel sick.
The kobold brigand is no longer more vulnerable to fire.
The kobold misses you.
The kobold brigand hits you but does no damage. x2
The kobold closely misses you. The kobold brigand barely misses you.
Casting: Scorch (safe; 1% risk of failure)
Confirm with . or Enter, or press ? or * to list all spells.
You feel a surge of power!
Flames lash the kobold brigand.
The kobold brigand is heavily wounded.
The kobold brigand's fire resistance burns away.
You feel sick.
The kobold brigand hits you with a +0 club!
* * * LOW HITPOINT WARNING * * *
The kobold hits you but does no damage. The kobold brigand misses you.
The kobold brigand hits you with a +0 club!
* * * LOW HITPOINT WARNING * * *
You feel sick. The kobold closely misses you.
The kobold brigand hits you with a +0 short sword.
* * * LOW HITPOINT WARNING * * *
The kobold brigand hits you with a +0 club.
* * * LOW HITPOINT WARNING * * *
The kobold hits you with a +0 club.
* * * LOW HITPOINT WARNING * * *
The kobold brigand hits you with a +0 short sword.
You die...

Skill      XL: |  1  2  3  4  5  6  7  8 |
---------------+-------------------------+-----
Dodging        | 3 4 5 |  5.0
Fire Magic     | 4 5 6 |  6.9
Conjurations   | 2 3 4 |  4.4
Fighting       | 1 2 |  2.8
Spellcasting   | 4 5 |  5.8
Stealth        | |  2.4

Action                   |  1- 3 |  4- 6 |  7- 9 || total
-------------------------+-------+-------+-------++-------
 Cast: Foxfire           |    94 |    77 |   104 ||   275
       Scorch            |     5 |    27 |    17 ||    49
Armor: Robe              |     2 |     3 |    14 ||    19
Dodge: Dodged            |     9 |    23 |    58 ||    90

Levels and vault maps discovered:
D:1:      nicolae_arrival_somewhat_less_tricky_arrival, layout_basic,
          serial_shops, shop, serial_park_tiny_pond, feat_on_display
D:2:      layout_loops_cross, dilly_ecumenical_altar_fadedgnrine,
          dk_noncrumbling_2, nicolae_concentric_dashed_squares_wild
D:3:      layout_rooms, minitemple, gammafunk_temple_overflow_wave,
          roderic_lattice_a
D:4:      minmay_goblin_kobold_castle, layout_rooms,
          nicolae_ru_the_path_less_chosen, temple_pool_b, serial_shops,
          shop_statue, uniq_menkaure, uniq_grinder
Temple:   compressed_dpeg_circular_temple

Notes
Turn   | Place    | Note
-------+----------+-------------------------------------------
     0 | D:1      | xzight the Deep Elf Fire Elementalist began the quest for
                  | the Orb.
     0 | D:1      | Reached XP level 1. HP: 10/10 MP: 6/6
   350 | D:1      | Reached XP level 2. HP: 15/15 MP: 6/8
   353 | D:1      | Learned a level 2 spell: Scorch
   907 | D:1      | Found Metzosh's Weapon Emporium.
  1074 | D:1      | Reached XP level 3. HP: 20/20 MP: 6/9
  2058 | D:2      | Reached skill level 3 in Dodging
  2058 | D:2      | Reached skill level 4 in Fire Magic
  2313 | D:2      | Found a faded altar of an unknown god.
  2447 | D:3      | Reached skill level 2 in Conjurations
  2447 | D:3      | Reached XP level 4. HP: 24/24 MP: 5/11
  2506 | D:3      | Reached skill level 1 in Fighting
  2708 | D:3      | Reached XP level 5. HP: 13/29 MP: 5/12
  2979 | D:3      | Reached skill level 4 in Spellcasting
  3572 | D:3      | Reached skill level 5 in Fire Magic
  3641 | D:3      | Noticed a phantom
  3646 | D:3      | Killed a phantom
  3647 | D:3      | Reached skill level 3 in Conjurations
  3647 | D:3      | Reached XP level 6. HP: 29/35 MP: 8/14
  3764 | D:3      | Found a shimmering altar of Xom.
  3764 | D:3      | Found a radiant altar of Vehumet.
  3800 | D:3      | Found a blossoming altar of Fedhas.
  3804 | D:3      | Found a hide-covered altar of Uskayaw.
  4125 | D:4      | Found Gippaxysh's Book Boutique.
  4180 | D:3      | Reached skill level 4 in Dodging
  4298 | D:4      | Noticed Menkaure
  4308 | D:4      | HP: 2/35 [Menkaure (17)]
  4309 | D:4      | Killed Menkaure
  4310 | D:4      | Reached skill level 2 in Fighting
  4310 | D:4      | Reached XP level 7. HP: 3/40 MP: 2/16
  4485 | D:4      | Reached skill level 5 in Spellcasting
  4613 | D:4      | Noticed Grinder
  4648 | D:4      | Killed Grinder
  4649 | D:4      | Reached skill level 6 in Fire Magic
  4877 | D:4      | Reached skill level 4 in Conjurations
  4916 | D:4      | Found a staircase to the Ecumenical Temple.
  4962 | Temple   | Entered the Ecumenical Temple
  5007 | Temple   | Became a worshipper of Ashenzari the Shackled
  5214 | D:4      | Found a sacrificial altar of Ru.
  5431 | D:4      | Reached XP level 8. HP: 45/45 MP: 15/18
  5543 | D:4      | Reached skill level 5 in Dodging
  5984 | D:4      | HP: 1/45 [kobold/+0 club (4)]
  5984 | D:4      | Slain by a kobold brigand

Vanquished Creatures
  Grinder (D:4)
  Menkaure (D:4)
  A black bear (D:4)
  2 phantoms
  A scorpion (D:3)
  A gnoll sergeant (D:3)
  2 orc priests
  A jelly (D:4)
  2 orc wizards (D:4)
  10 gnolls
  5 adders
  An ufetubus (D:4)
  2 worms
  3 dart slugs (D:1)
  15 orcs
  4 ball pythons
  3 bats
  9 endoplasms
  5 giant cockroaches
  5 goblins
  10 hobgoblins
  7 jackals
  4 quokkas
  2 frilled lizards
  45 kobolds
  3 rats
145 creatures vanquished.

Vanquished Creatures (others)
  465 foxfires
465 creatures vanquished.

Grand Total: 610 creatures vanquished

Table legend: (Time is in decaauts)
 A = Elapsed time spent in this place.
 B = Non-inter-level travel time spent in this place.
 C = Inter-level travel time spent in this place.
 D = Time resting spent in this place.
 E = Time spent auto-exploring this place.
 F = Levels seen in this place.
 G = Mean time per level.
                   A        B        C        D        E       F      G
               +--------+--------+--------+--------+--------+-----+--------+
         Total |   5992 |   5785 |    207 |    882 |   3677 |   5 | 1198.4 |
       Dungeon |   5932 |   5739 |    193 |    882 |   3638 |   4 | 1483.0 |
        Temple |     59 |     45 |     14 |      0 |     39 |   1 |   59.0 |
               +--------+--------+--------+--------+--------+-----+--------+

Top non-repeatable levels by time:
     D:3: 1874 daAuts
     D:4: 1407 daAuts
     D:2: 1376 daAuts
     D:1: 1275 daAuts
  Temple: 59 daAuts

Table legend:
 A = Non-vault XP
 B = Vault XP
 C = Vault XP percentage of total XP
 D = Non-vault monster count
 E = Vault monster count
 F = Vault count percentage of total count
                 A         B        C        D         E       F
            +---------+---------+-------+---------+---------+-------
      Total |    1040 |     527 |  33.6 |     100 |      45 |  31.0
            +---------+---------+-------+---------+---------+-------
        D:1 |      41 |       0 |   0.0 |      20 |       0 |   0.0
        D:2 |      62 |       0 |   0.0 |      14 |       0 |   0.0
        D:3 |     479 |       3 |   0.6 |      34 |       2 |   5.6
        D:4 |     458 |     524 |  53.4 |      32 |      43 |  57.3
            +---------+---------+-------+---------+---------+-------
